 Dungeon Crawl Stone Soup version 0.26.1-11-gd32895ea62 (webtiles) character file.

Game seed: 1663387546994007936

516 phalm the Conjurer (level 7, 52/52 HPs)
             Began as a Demonspawn Conjurer on June 24, 2021.
             Quit the game in a sewer.
             The game lasted 00:05:50 (3337 turns).

phalm the Conjurer (Demonspawn Conjurer)            Turns: 3337, Time: 00:05:51

Health: 52/52      AC:  5    Str:  7    XL:     7   Next: 0%
Magic:  5/12       EV: 14    Int: 22    God:
Gold:   198        SH:  0    Dex: 11    Spells: 6/13 levels left

rFire    + . .     SeeInvis .   s - +2 quarterstaff (spect)
rCold    . . .     Faith    .   (shield currently unavailable)
rNeg     . . .     Spirit   .   v - +0 leather armour (curse)
rPois    .         Reflect  .   (no helmet)
rElec    .         Harm     .   (no cloak)
rCorr    .         Rampage  .   (no gloves)
Will     .....                  n - +1 pair of boots
Stlth    +.........             A - amulet of the acrobat
HPRegen  0.17/turn              F - ring of protection from fire
MPRegen  0.13/turn              (no ring)

@: no status effects
A: talons 1, repulsion field 2, powered by pain 1
a: no special abilities


You were in a sewer.
You visited 1 branch of the dungeon, and saw 4 of its levels.
You also visited: Sewer.

You collected 198 gold pieces.


Innate Abilities, Weirdness & Mutations

You have sharp toenails.
You are surrounded by a moderate repulsion field. (EV +3)
You sometimes gain a little power by taking damage.


   Skills:
 + Level 3.2 Fighting
 - Level 1.7 Dodging
 - Level 1.7 Stealth
 + Level 3.7 Spellcasting
 + Level 6.1 Conjurations
 * Level 2.2 Translocations


You had 6 spell levels left.
You knew the following spells:

 Your Spells              Type           Power        Failure   Level
m - Magic Dart            Conj           100%         1%          1
s - Searing Ray           Conj           62%          2%          2
X - Iskenderun's Mystic   Conj/Tloc      22%          30%         4

Your spell library contained the following spells:

 Spells                   Type           Power        Failure   Level
 Dazzling Flash           Conj/Hex       34%          16%         3
 Fulminant Prism          Conj/Hex       8%           45%         4

Inventory:

Hand Weapons
 d - a +0 short sword
   (You took it off a kobold on level 1 of the Dungeon)
 l - a +2 dagger of venom
   (You took it off a kobold on level 1 of the Dungeon)
 s - a +2 spectral quarterstaff (weapon)
   (You found it on level 2 of the Dungeon)
Missiles
 b - a throwing net {=f!f}
 g - 68 sling bullets
 i - 129 stones
 t - 7 boomerangs (quivered)
Armour
 a - a +0 robe
 n - a +1 pair of boots (worn)
   (You found it on level 1 of the Dungeon)
 v - a cursed +0 leather armour (worn)
   (You found it on level 2 of the Dungeon)
Jewellery
 A - an amulet of the acrobat (around neck)
   (You found it on level 1 of the Dungeon)
 F - a ring of protection from fire (left hand)
   (You found it on level 2 of the Dungeon)
Wands
 u - a wand of paralysis (4)
   (You found it on level 2 of the Dungeon)
 B - a wand of random effects (17)
   (You found it on level 4 of the Dungeon)
Scrolls
 c - 3 scrolls of fog
 k - 5 scrolls of remove curse {@r2}
 o - a scroll of fear
 p - 2 scrolls of enchant armour
 w - 3 scrolls of amnesia
 x - 2 scrolls of enchant weapon
 y - 2 scrolls of teleportation {@r4}
Potions
 e - a potion of lignification {unknown}
 f - a potion of might {unknown}
 h - 2 potions of cancellation {unknown}
 j - a potion of heal wounds {unknown}
 m - a potion of degeneration {unknown}
 q - 2 potions of haste {unknown}
 r - 2 potions of flight {unknown}
 z - a potion of brilliance {unknown}
 C - a potion of curing {unknown}

Dungeon Overview and Level Annotations

Branches:
Dungeon (4/15)              Sewer (1/1)
 Temple: D:4-7

Altars:
Ashenzari
Fedhas
Xom

##...## ##.##
#.# #.# #.# #.#
#.# .
#######.####....
........@.......
############....
.


There were no monsters in sight!


Message History

Casting: Magic Dart (safe; 1% risk of failure)
Confirm with . or Enter, or press ? or * to list all spells.
Aiming: Magic Dart (safe; 1% risk of failure)
Press: ? - help, Shift-Dir - straight line, f - bat
Aim: a bat (0% to evade)
The magic dart hits the bat.
The bat barely misses you. 😕 MP[-1]
You lost 1 mp, and now have 4/11 mp.
Casting: Magic Dart (safe; 1% risk of failure)
Confirm with . or Enter, or press ? or * to list all spells.
Aiming: Magic Dart (safe; 1% risk of failure)
Press: ? - help, Shift-Dir - straight line, f/p - bat
Aim: a bat (water, severely wounded, 0% to evade)
The magic dart hits the bat.
You kill the bat!
A bat comes into view. 😎 HP[+3] MP[+7]
Your hp is fully restored (47).
Your mp is fully restored (11).
Casting: Magic Dart (safe; 1% risk of failure)
Confirm with . or Enter, or press ? or * to list all spells.
Aiming: Magic Dart (safe; 1% risk of failure)
Press: ? - help, Shift-Dir - straight line, f - bat
Aim: a bat (water, 0% to evade)
The magic dart hits the bat. 😎 MP[-1]
You lost 1 mp, and now have 10/11 mp.
Casting: Magic Dart (safe; 1% risk of failure)
Confirm with . or Enter, or press ? or * to list all spells.
Aiming: Magic Dart (safe; 1% risk of failure)
Press: ? - help, Shift-Dir - straight line, f/p - bat
Aim: a bat (heavily wounded, 0% to evade)
The magic dart hits the bat.
You kill the bat! 😎 MP[-1]
You lost 1 mp, and now have 9/11 mp.
Casting: Magic Dart (safe; 1% risk of failure)
Confirm with . or Enter, or press ? or * to list all spells.
You can't see any susceptible monsters within range! (Use Z to cast anyway.)
You see here a bat corpse.
Purgy the Meek comes into view. 😎 MP[+2]
Your mp is fully restored (11).
Aiming: Paralyse
Press: ? - help, Shift-Dir - straight line, f - Purgy
Aim: Purgy (chance to affect: 54%)
Okay, then.
Casting: Magic Dart (safe; 1% risk of failure)
Confirm with . or Enter, or press ? or * to list all spells.
Aiming: Magic Dart (safe; 1% risk of failure)
Press: ? - help, Shift-Dir - straight line, f - Purgy
Aim: Purgy (0% to evade)
The magic dart hits Purgy. 😎 MP[-1]
You lost 1 mp, and now have 10/11 mp.
Casting: Magic Dart (safe; 1% risk of failure)
Confirm with . or Enter, or press ? or * to list all spells.
Aiming: Magic Dart (safe; 1% risk of failure)
Press: ? - help, Shift-Dir - straight line, f/p - Purgy
Aim: Purgy (lightly wounded, 0% to evade)
The magic dart hits Purgy but does no damage. 😎 MP[-1]
You lost 1 mp, and now have 9/11 mp.
Casting: Magic Dart (safe; 1% risk of failure)
Confirm with . or Enter, or press ? or * to list all spells.
Aiming: Searing Ray (safe; 2% risk of failure)
Press: ? - help, Shift-Dir - straight line, f/p - Purgy
Aim: Purgy (lightly wounded, 26% to evade)
The searing ray hits Purgy. (Press . to maintain the ray.) 😎 MP[-2]
You lost 2 mp, and now have 7/11 mp.
The searing ray hits Purgy. 😎 MP[-1]
You lost 1 mp, and now have 6/11 mp.
The searing ray hits Purgy! 😎 MP[-1]
You lost 1 mp, and now have 5/11 mp.
The searing ray hits Purgy!
You finish channeling your searing ray.
Purgy completely misses you. x3 😎 MP[-1]
You lost 1 mp, and now have 4/11 mp.
Aiming: Paralyse
Press: ? - help, Shift-Dir - straight line, f/p - Purgy
Aim: Purgy (severely wounded, chance to affect: 54%) Purgy suddenly stops moving!
The helpless Purgy fails to defend himself.
You hit Purgy. 😎 MP[+1]
The helpless Purgy fails to defend himself.
You hit Purgy.
The helpless Purgy fails to defend himself.
You hit Purgy.
You kill Purgy!
Your Translocations skill increases to level 2!
You have reached level 7!
Your demonic ancestry asserts itself...
You feel energised by your suffering. 😎 HP[+5]
You now have 52 max hp (+5).
Your hp is fully restored (52).
Are you sure you want to abandon this character and quit the game? (Confirm with "yes".)

Skill      XL: |  1  2  3  4  5  6 |
---------------+-------------------+-----
Fighting       | 1 2 3 |  3.2
Spellcasting   | 3 |  3.7
Conjurations   | 5 6 |  6.1
Translocations | 2 |  2.2
Dodging        | |  1.7
Stealth        | |  1.7

Action                   |  1- 3 |  4- 6 |  7- 9 || total
-------------------------+-------+-------+-------++-------
Melee: Short sword       |     2 |       |       ||     2
       Quarterstaff      |     4 |    13 |       ||    17
Throw: Stone             |     4 |       |       ||     4
 Cast: Magic Dart        |    93 |    31 |       ||   124
       Searing Ray       |     1 |     5 |       ||     6
Evoke: Wand              |     3 |     1 |       ||     4
  Use: Scroll            |     5 |     2 |       ||     7
 Stab: Paralysed         |     4 |     3 |       ||     7
Armor: Robe              |     4 |       |       ||     4
       Leather armour    |       |     7 |       ||     7
Dodge: Dodged            |     5 |    14 |       ||    19

Levels and vault maps discovered:
D:1:      dpeg_chamrin_arrival_tetris, layout_rooms, serial_glass,
          glass_columns_c, glass_columns_a, amcnicky_mini_corridor_feature,
          interstate_on_off, moated_statue, st_stairs_2, minmay_lizard_pond
D:2:      layout_rooms, ashenzari_altar_1, chequers_ecumenical_altar_island,
          kennysheep_crisscross
D:3:      layout_loops_cross, lemuel_crystal_altar, fedhas_altar_fruit_tree,
          uniq_terence, uniq_sigmund
D:4:      layout_cave_pools, minmay_temple_entry_overgrown,
          portal_sewer_entry_d, uniq_menkaure
Sewer:    sewer_big_baddie

Notes
Turn   | Place    | Note
-------+----------+-------------------------------------------
     0 | D:1      | phalm the Demonspawn Conjurer began the quest for the Orb.
     0 | D:1      | Reached XP level 1. HP: 13/13 MP: 3/3
     0 | D:1      | magus.rc [v1.9.10]
   182 | D:1      | Gained mutation: You are surrounded by a mild repulsion
                  | field. (EV +2) [demonic ancestry]
   182 | D:1      | Reached XP level 2. HP: 20/20 MP: 1/5
   498 | D:1      | Reached skill level 1 in Fighting
   607 | D:1      | Reached XP level 3. HP: 18/26 MP: 0/6
  1575 | D:2      | Found a broken altar of Ashenzari.
  1753 | D:2      | Found a faded altar of an unknown god.
  1996 | D:2      | Learned a level 2 spell: Searing Ray
  2184 | D:3      | Noticed Sigmund
  2197 | D:3      | Killed Sigmund
  2198 | D:3      | Reached skill level 2 in Fighting
  2198 | D:3      | Reached skill level 3 in Spellcasting
  2198 | D:3      | Reached skill level 5 in Conjurations
  2198 | D:3      | Gained mutation: You have sharp toenails. [demonic
                  | ancestry]
  2198 | D:3      | Reached XP level 4. HP: 26/34 MP: 2/8
  2198 | D:3      | Gained mutation: You are surrounded by a moderate repulsion
                  | field. (EV +3) [demonic ancestry]
  2198 | D:3      | Reached XP level 5. HP: 29/39 MP: 2/9
  2273 | D:3      | Found a shimmering altar of Xom.
  2362 | D:3      | Learned a level 4 spell: Iskenderun's Mystic Blast
  2487 | D:3      | Noticed Terence
  2495 | D:3      | Killed Terence
  2637 | D:3      | Reached XP level 6. HP: 46/46 MP: 8/10
  2957 | D:3      | Found a blossoming altar of Fedhas.
  3067 | D:4      | Noticed Menkaure
  3070 | D:4      | Killed Menkaure
  3071 | D:4      | Reached skill level 3 in Fighting
  3071 | D:4      | Reached skill level 1 in Translocations
  3082 | D:4      | Reached skill level 6 in Conjurations
  3204 | D:4      | Found a glowing drain.
  3225 | Sewer    | Entered a sewer
  3326 | Sewer    | Noticed Purgy
  3336 | Sewer    | Killed Purgy
  3337 | Sewer    | Reached skill level 2 in Translocations
  3337 | Sewer    | Gained mutation: You sometimes gain a little power by
                  | taking damage. [demonic ancestry]
  3337 | Sewer    | Reached XP level 7. HP: 52/52 MP: 5/12
  3337 | Sewer    | Quit the game

Vanquished Creatures
  Sigmund (D:3)
  Menkaure (D:4)
  Purgy (Sewer)
  Terence (D:3)
  A howler monkey zombie (D:4)
  An adder (D:4)
  An ooze (D:1)
  2 dart slugs
  5 leopard geckos
  2 ball pythons (D:1)
  A giant cockroach (D:2)
  8 goblins
  4 hobgoblins (D:1)
  3 jackals (D:3)
  10 kobolds
  2 quokkas
  A ball python skeleton (D:4)
  12 bats
  11 frilled lizards
  5 rats
73 creatures vanquished.

Table legend:
 A = Non-vault XP
 B = Vault XP
 C = Vault XP percentage of total XP
 D = Non-vault monster count
 E = Vault monster count
 F = Vault count percentage of total count
                 A         B        C        D         E       F
            +---------+---------+-------+---------+---------+-------
      Total |     117 |     621 |  84.1 |      54 |      19 |  26.0
            +---------+---------+-------+---------+---------+-------
        D:1 |      58 |      11 |  15.9 |      30 |       9 |  23.1
        D:2 |      19 |       0 |   0.0 |      10 |       0 |   0.0
        D:3 |      18 |     278 |  93.9 |      10 |       2 |  16.7
        D:4 |      22 |     188 |  89.5 |       4 |       2 |  33.3
      Sewer |       0 |     144 | 100.0 |       0 |       6 | 100.0
            +---------+---------+-------+---------+---------+-------

Illustrated notes

Table legend:
 A = Kills in this place as a percentage of kills in entire the game.
 B = Kills by you in this place as a percentage of kills by you in the entire game.
 C = Kills by friends in this place as a percentage of kills by friends in the entire game.
 D = Other kills in this place as a percentage of other kills in the entire game.
 E = Experience gained in this place as a percentage of experience gained in the entire game.
 F = Experience gained in this place divided by the number of levels of this place that you have seen.
                   A       B       C       D       E      F
               +-------+-------+-------+-------+-------+----------------------
         Total | 100.0 | 100.0 |   N/A |   N/A | 100.0 | 147.6
       Dungeon |  91.8 |  91.8 |   N/A |   N/A |  80.5 | 148.5
         Sewer |   8.2 |   8.2 |   N/A |   N/A |  19.5 | 144.0
               +-------+-------+-------+-------+-------+----------------------

Table legend: (Time is in decaauts)
 A = Elapsed time spent in this place.
 B = Non-inter-level travel time spent in this place.
 C = Inter-level travel time spent in this place.
 D = Time resting spent in this place.
 E = Time spent auto-exploring this place.
 F = Levels seen in this place.
 G = Mean time per level.
                   A        B        C        D        E       F      G
               +--------+--------+--------+--------+--------+-----+--------+
         Total |   3345 |   3230 |    115 |      0 |   2720 |   5 |  669.0 |
       Dungeon |   3233 |   3118 |    115 |      0 |   2630 |   4 |  808.2 |
         Sewer |    112 |    112 |      0 |      0 |     90 |   1 |  112.0 |
               +--------+--------+--------+--------+--------+-----+--------+

Top non-repeatable levels by time:
     D:1: 1574 daAuts
     D:3: 892 daAuts
     D:2: 600 daAuts
     D:4: 166 daAuts
   Sewer: 112 daAuts
